Map: Lerilak Crest

Players

LilDicky - Winner!

  • Race: Terran Terran
  • League: Diamond

Airlessvoid

  • Race: Zerg Zerg
  • League: Gold

VOD

http://www.twitch.tv/tumescentpie

Description

Time

  • Played on: Dec. 1, 2015, 4:18 p.m.
  • Length: 24:10
Show
View Real Time Build Order
Export as new Build Order

LilDicky Terran - Winner!

Build Orders: Mech 

Get SALT Encoding   

  12  0:02  SCV  
  13  0:14  SCV  
  14  0:23  Supply Depot  
  14  0:32  SCV  
  15  0:45  SCV  
  15  0:47  Barracks  
  17  0:57  SCV  
  17  1:09  SCV  
  18  1:21  SCV  
  19  1:41  Command Center  
  19  1:44  Marine  
  19  1:46  Orbital Command  
  20  2:17  SCV  
  21  2:29  SCV, Marine  
  23  2:40  Supply Depot  
  23  2:46  Command Center, SCV  
  24  2:52  Marine  
  25  3:05  SCV  
  25  3:06  Orbital Command  
  25  3:08  Command Center  
  25  3:11  Bunker  
  25  3:12  Marine  
  26  3:16  Refinery  
  26  3:20  Refinery  
  26  3:22  SCV  
  27  3:32  SCV  
  27  3:34  Marine  
  29  3:41  SCV  
  29  3:45  SCV  
  29  3:46  Supply Depot  
  31  3:51  Marine  
  31  3:53  SCV  
  33  3:57  SCV  
  33  3:58  Orbital Command  
  34  4:07  Engineering Bay  
  34  4:09  SCV, Marine  
  36  4:14  SCV, Refinery  
  36  4:16  Refinery  
  37  4:20  Orbital Command  
  37  4:21  SCV  
  38  4:33  SCV  
  38  4:36  SCV  
  40  4:43  Factory  
  40  4:45  SCV, Factory  
  41  4:48  SCV x2  
  43  4:53  Marine  
  43  4:56  Planetary Fortress  
  43  4:57  SCV  
  45  5:05  SCV  
  45  5:06  SCV, Refinery  
  47  5:07  Refinery  
  47  5:09  SCV  
  47  5:13  Marine  
  49  5:18  SCV x2  
  52  5:21  SCV  
  52  5:27  Command Center  
  52  5:32  Starport  
  52  5:36  Starport  
  52  5:37  Factory Tech Lab  
  51  5:47  SCV x3  
  51  5:48  SCV  
  51  5:49  Command Center  
  55  5:59  SCV  
  55  6:04  SCV x2  
  58  6:06  SCV  
  59  6:11  SCV  
  60  6:19  Starport Reactor  
  60  6:20  Factory Tech Lab, Starport Reactor  
  60  6:24  Siege Tank  
  63  6:28  Factory  
  63  6:32  Armory  
  63  6:37  Armory  
  63  6:39  SCV x2  
  65  6:41  Engineering Bay, Liberator x2  
  65  6:42  SCV x2  
  65  6:45  Marine  
  65  6:46  Siege Tank  
  71  6:51  SCV x2  
  74  6:54  SCV x2  
  74  6:55  Command Center  
  81  7:03  Marine  
  81  7:07  Liberator  
  82  7:12  Hi-Sec Auto Tracking, Missile Turret  
  82  7:15  Missile Turret  
  82  7:17  Missile Turret  
  82  7:20  Liberator  
  82  7:21  SCV, Marine  
  82  7:22  Siege Tank x2  
  90  7:23  Missile Turret  
  90  7:28  Planetary Fortress  
  90  7:29  SCV  
  97  7:46  Missile Turret  
  97  7:47  Missile Turret  
  97  7:48  Missile Turret  
  97  7:49  Missile Turret  
  97  7:50  SCV, Missile Turret  
  97  7:51  Missile Turret  
  98  8:02  Marine  
  98  8:03  Command Center  
  99  8:28  SCV x3  
  99  8:29  Missile Turret  
  99  8:30  Missile Turret  
  99  8:33  Missile Turret  
  102  8:36  Refinery  
  102  8:41  Missile Turret  
  102  8:42  Missile Turret  
  102  8:43  Missile Turret x2  
  102  8:44  Missile Turret  
  102  8:46  Refinery  
  102  8:50  Liberator x3  
  102  8:51  Liberator  
  102  8:57  Planetary Fortress  
  102  9:02  Factory Reactor  
  102  9:03  Missile Turret  
  102  9:05  Siege Tank  
  102  9:06  Siege Tank  
  112  9:29  SCV x2  
  114  9:38  Siege Tank  
  117  9:44  Factory  
  117  9:46  Factory  
  117  9:48  Factory  
  117  9:50  Missile Turret x2  
  117  9:51  Liberator x4  
  117  10:03  Terran Vehicle And Ship Armor Level 1  
  117  10:04  Terran Ship Weapons Level 1  
  117  10:08  Armory  
  117  10:09  Siege Tank  
  117  10:10  Hellion x2  
  136  10:17  Sensor Tower  
  136  10:19  Planetary Fortress  
  136  10:29  SCV  
  137  10:44  Factory Reactor x3  
  137  10:46  Starport  
  137  10:58  Missile Turret  
  137  11:11  Missile Turret  
  137  11:12  Missile Turret x2  
  137  11:13  Missile Turret  
  137  11:16  SCV  
  137  11:17  SCV  
  137  11:18  SCV  
  137  11:21  Hellion  
  132  11:36  Liberator x2  
  131  11:41  Starport Tech Lab  
  131  11:47  Starport  
  131  11:51  Starport  
  137  11:55  Supply Depot  
  137  11:56  Supply Depot x3  
  137  11:57  Supply Depot  
  137  11:58  Supply Depot x2  
  137  12:00  Liberator  
  137  12:16  Drilling Claws, Widow Mine x4  
  137  12:17  Infernal Pre-Igniter, Widow Mine  
  137  12:18  Hellion  
  137  12:20  Terran Ship Weapons Level 2, Terran Vehicle And Ship Armor Level 2, Terran Vehicle Weapons Level 1  
  152  12:24  Starport Tech Lab  
  152  12:25  Cloaking Field  
  152  12:27  Banshee  
  152  12:29  Starport Tech Lab  
  155  12:36  Fusion Core  
  155  12:41  Neosteel Frame  
  155  12:54  Sensor Tower  
  155  13:02  Banshee x2  
  155  13:03  Sensor Tower  
  161  13:05  Corvid Reactor  
  161  13:09  Banshee  
  164  13:42  Hellion x2  
  164  13:43  Hellion x8  
  164  13:45  Raven x2  
  188  13:52  Banshee  
  188  13:53  Behemoth Reactor  
  188  13:54  Advanced Ballistics  
  191  13:57  Mag-Field Accelerator  
  191  14:00  Building Armor  
  189  14:03  Hellion x2  
  193  14:22  Hellion  
  159  14:33  Banshee x2  
  159  14:35  Raven  
  160  14:59  Hellion x2  
  162  15:00  Hellion, Siege Tank x2  
  163  15:16  Raven  
  163  15:21  Hellion x8  
  177  15:23  Terran Vehicle Weapons Level 2  
  177  15:24  Terran Vehicle And Ship Armor Level 3  
  177  15:27  Terran Ship Weapons Level 3  
  181  15:31  Thor  
  181  15:32  Thor  
  189  15:37  Missile Turret  
  189  15:42  Hellion  
  191  15:43  Hellbat  
  193  15:53  Hellbat  
  194  15:59  Hellion  
  194  16:02  Supply Depot  
  193  16:14  Command Center  
  193  16:19  Hyperflight Rotors  
  193  16:24  Thor  
  199  16:34  Hellion  
  195  16:42  Thor  
  154  17:09  Raven x3  
  154  17:11  Thor, Hellion x3  
  154  17:12  Hellion x3  
  169  17:25  Thor  
  175  17:33  Planetary Fortress  
  175  17:39  Command Center  
  175  17:49  Orbital Command  
  177  17:51  Hellion x3  
  177  17:52  Banshee x3, Hellion  
  177  17:54  Thor  
  155  19:05  Command Center  
  155  19:06  Command Center  
  155  19:10  Supply Depot x2  
  155  19:23  Thor x2  
  167  19:24  Hellion  
  169  19:42  Refinery  
  169  19:44  Refinery  
  165  20:06  Thor x2  
  169  20:10  Hellion x2  
  169  20:11  Hellion x4  
  169  20:12  Banshee x3, Viking  
  190  20:15  Hellion  
  190  20:19  Orbital Command  
  190  20:49  Planetary Fortress  
  190  20:55  Banshee  
  187  21:27  Raven x2  
  191  21:37  Raven  
  185  22:03  Viking  
  187  22:10  Battlecruiser, Raven  
  189  22:16  Refinery x2  
  189  22:25  Hellion x5  
  189  22:28  Command Center  
  199  22:33  Refinery  
  199  22:37  Refinery  
  199  22:45  Command Center  
  199  22:50  SCV  
  200  22:55  Missile Turret  
  182  23:16  Hellion x3  
  182  23:17  Hellion x2  
  192  23:25  Missile Turret  
  192  23:38  SCV x4  
  197  23:43  Orbital Command  
  196  23:50  SCV x4  
Show
View Real Time Build Order
Export as new Build Order

Airlessvoid Zerg 

Build Orders: Hatch First 

Get SALT Encoding   

  12  0:01  Drone  
  13  0:12  Overlord  
  13  0:19  Drone  
  14  0:43  Hatchery  
  14  0:47  Drone  
  14  0:55  Drone  
  15  1:08  Spawning Pool  
  15  1:11  Drone  
  15  1:18  Extractor  
  14  1:19  Drone  
  15  1:27  Drone x2  
  17  1:37  Drone  
  18  1:46  Overlord  
  18  1:56  Drone  
  18  2:00  Queen  
  18  2:01  Drone  
  22  2:10  Queen  
  24  2:16  Drone  
  24  2:21  Zergling x2  
  26  2:24  Metabolic Boost  
  26  2:37  Extractor  
  26  2:39  Drone x2  
  26  2:41  Drone  
  26  2:42  Drone  
  29  3:01  Drone  
  29  3:02  Drone x3  
  33  3:06  Lair  
  33  3:10  Drone  
  33  3:11  Drone x2  
  36  3:20  Overlord  
  36  3:21  Baneling Nest  
  36  3:25  Zergling x2  
  36  3:34  Overlord  
  36  3:39  Drone x3  
  36  3:40  Zergling x4  
  41  3:49  Drone  
  41  3:50  Drone x2  
  44  3:58  Roach Warren  
  43  4:07  Drone  
  44  4:21  Centrifical Hooks  
  44  4:22  Zergling x6  
  44  4:23  Zergling x2  
  48  4:24  Baneling  
  48  4:26  Queen  
  48  4:28  Hatchery  
  49  4:40  Drone, Extractor  
  49  4:43  Drone, Extractor  
  49  4:44  Zergling x6  
  52  4:58  Evolution Chamber  
  52  4:59  Overlord x3  
  51  5:09  Baneling x3  
  51  5:18  Roach x4  
  59  5:22  Drone x3  
  62  5:34  Extractor  
  60  5:50  Drone  
  60  5:51  Drone x5  
  66  5:57  Drone  
  66  6:01  Burrow  
  66  6:03  Drone  
  68  6:11  Glial Reconstitution  
  68  6:12  Roach  
  68  6:15  Baneling  
  68  6:18  Overseer  
  70  6:20  Zerg Ground Armor Level 1  
  70  6:22  Drone  
  70  6:23  Drone x4  
  70  6:25  Extractor  
  74  6:28  Spine Crawler  
  74  6:29  Spore Crawler, Spine Crawler  
  74  6:30  Drone  
  74  6:31  Drone x2, Spine Crawler  
  73  6:33  Spore Crawler  
  73  6:36  Roach x2  
  73  6:38  Pneumatized Carapace  
  76  6:45  Hydralisk Den  
  76  6:47  Drone  
  76  6:55  Roach x2  
  76  6:57  Overlord x3  
  80  7:20  Evolution Chamber, Ravager x2, Spine Crawler  
  80  7:21  Hydralisk  
  80  7:22  Hydralisk x4  
  90  7:40  Hydralisk  
  90  7:41  Hydralisk x3  
  98  7:52  Muscular Augments  
  98  7:53  Spine Crawler, Infestation Pit  
  98  7:54  Spore Crawler  
  98  7:57  Drone x6  
  101  8:01  Extractor  
  101  8:02  Spore Crawler  
  99  8:06  Drone x4  
  99  8:09  Drone  
  99  8:10  Drone  
  105  8:27  Drone  
  105  8:29  Overlord x4  
  106  8:41  Overlord x2  
  106  8:47  Zerg Ground Armor Level 2  
  106  8:49  Zerg Missile Weapons Level 1  
  106  8:54  Overlord, Infestor  
  106  8:55  Infestor  
  110  9:04  Hatchery  
  108  9:14  Hydralisk x2  
  111  9:20  Roach x2  
  111  9:21  Roach x4  
  111  9:23  Drone  
  122  9:35  Spine Crawler  
  121  9:39  Drone x2  
  121  9:40  Drone x7  
  130  9:56  Hydralisk  
  130  9:59  Zergling x2  
  133  10:00  Spore Crawler, Spine Crawler, Zergling x4  
  133  10:02  Baneling x3  
  133  10:04  Lurker Den  
  133  10:07  Pathogen Glands  
  133  10:09  Tunneling Claws  
  133  10:20  Drone  
  134  10:47  Drone x4  
  138  10:54  Hydralisk  
  138  10:55  Overlord x3  
  138  10:57  Roach x4, Zergling x6  
  146  10:58  Zergling x2  
  146  11:01  Zerg Missile Weapons Level 2  
  152  11:05  Hive, Spine Crawler  
  152  11:09  Spore Crawler  
  144  11:24  Roach  
  142  11:30  Hydralisk  
  144  11:34  Spine Crawler  
  144  11:39  Spine Crawler  
  139  11:45  Spire  
  138  11:47  Spire  
  138  11:51  Spore Crawler  
  138  11:52  Spore Crawler  
  135  11:55  Spore Crawler  
  135  11:56  Drone x4  
  135  11:57  Drone  
  135  11:59  Extractor  
  135  12:00  Spore Crawler x2, Drone x3  
  135  12:01  Drone x4  
  142  12:02  Extractor  
  142  12:06  Zerg Melee Weapons Level 1  
  142  12:09  Neural Parasite  
  142  12:12  Hatchery  
  141  12:29  Viper  
  141  12:32  Drone x3  
  141  12:36  Spine Crawler  
  146  12:37  Spine Crawler  
  145  12:47  Hatchery  
  144  12:53  Drone  
  144  12:54  Drone  
  146  13:02  Zerg Flyer Weapons Level 1  
  146  13:03  Corruptor x3, Zerg Flyer Armor Level 1  
  146  13:04  Corruptor x5  
  162  13:21  Hydralisk x12  
  161  13:35  Hydralisk x10  
  161  13:37  Overlord  
  161  13:38  Overlord  
  181  13:50  Spore Crawler, Overseer x3  
  181  13:55  Spine Crawler  
  179  14:13  Hydralisk  
  179  14:14  Corruptor x3  
  141  14:28  Corruptor x9  
  93  14:39  Drone x9  
  100  15:10  Spore Crawler, Spine Crawler  
  100  15:11  Spine Crawler  
  97  15:14  Spore Crawler  
  97  15:15  Roach  
  97  15:16  Roach x14  
  97  15:18  Drone  
  127  15:35  Overlord  
  126  15:37  Overseer x2  
  126  15:38  Overlord x2  
  126  15:39  Overlord  
  126  15:41  Hydralisk  
  126  15:42  Hydralisk x5  
  134  15:47  Zerg Missile Weapons Level 3  
  138  16:02  Zergling x2  
  138  16:03  Hydralisk x4  
  147  16:11  Drone  
  147  16:12  Drone x6  
  154  16:23  Hatchery  
  148  16:35  Roach  
  148  16:38  Hydralisk  
  148  16:39  Hydralisk x7  
  157  16:51  Hatchery  
  150  16:58  Hydralisk  
  144  17:06  Corruptor  
  144  17:07  Corruptor x5  
  98  17:27  Zerg Ground Armor Level 3  
  98  17:28  Lurker x2  
  100  17:33  Spore Crawler, Spine Crawler x2, Extractor  
  100  17:35  Extractor  
  95  17:38  Roach x3  
  101  17:57  Hydralisk x2  
  105  18:00  Spore Crawler  
  104  18:13  Spine Crawler  
  104  18:15  Spine Crawler  
  104  18:17  Spine Crawler x2  
  98  18:22  Roach x3  
  97  18:50  Drone x6  
  97  18:51  Drone x5  
  97  18:54  Queen  
  110  19:09  Hydralisk  
  110  19:10  Hydralisk x2  
  92  19:22  Corruptor  
  67  19:40  Spine Crawler  
  61  20:16  Roach  
  61  20:18  Roach x6  
  75  20:48  Roach x7  
  72  21:08  Hydralisk  
  68  21:16  Hydralisk x5  
  78  21:37  Overseer  
  78  21:38  Overseer  
  77  21:42  Roach  
  77  21:43  Roach x5  
  74  21:58  Roach  
  74  22:07  Hatchery  
  44  23:13  Queen x3  
Tags
 
Add a new tag
Caveats
  • Supply blocks, unpowered buildings, or Contaminate may cause inaccurate times.
  • Supply counts are checked every 10 seconds.